 Dungeon Sprint DCSS version 0.31-a0-984-gbfb7dba898 (webtiles) character file.

Game seed: 3627833644683471709

33554 Revguard the Warrior (level 13, -16/178 HPs)
             Began as a Demonspawn Berserker on Nov 3, 2023.
             Was the Champion of Trog.
             Killed from afar by a Hell Sentinel (60 damage)
             ... with an iron shot
             ... in the Dungeon (Sprint V: "Ziggurat Sprint").
             The game lasted 00:12:45 (1784 turns).

Revguard the Warrior (Demonspawn Berserker)         Turns: 1784, Time: 00:12:49

Health: -16/178    AC: 36    Str: 27    XL:     13   Next: 37%
Magic:  0/13       EV: 14    Int:  9    God:    Trog [******]
Gold:   0          SH:  8    Dex: 14    Spells: 12/12 levels left

rFire   + + +        k - +5 Lochaber axe {reach-cleave, Poleaxe Drain}
rCold   . . .        (shield currently unavailable)
rNeg    + . .        z - +15 Maxwell's patent armour {-Cast -Tele rElec Will+ rCorr}
rPois   .            (helmet restricted)
rElec   +            (no cloak)
rCorr   +            a - +1 pair of gloves of Zin's Righteous Anger {Fly Will+ Stlth+}
SInv    .            H - +0 pair of boots {Stlth+}
Will    ++++.        B - brooch of Shielding {Spirit SH+8}
Stlth   x              - +6 ring of strength
HPRegen 1.49/turn    C - ring of Voorud {*Slow +Blink rF+++ rN+ Slay+3}
MPRegen 0.13/turn

%: no teleportation, no spellcasting, slow self (1%), guardian spirit
@: berserking, strong-willed, corroded, flying, regenerating, studying 2 skills,
very quick
A: antennae 2, yellow scales 3, foul stench 2, demonic magic 2
a: Renounce Religion, Evoke Blink, Berserk, Trog's Hand, Brothers in Arms


You were in the Dungeon.
You worshipped Trog.
Trog was exalted by your worship.
You visited 1 branch

Inventory:

Hand Weapons
 k - the +5 Lochaber axe (weapon) {reach-cleave, Poleaxe Drain}
   (You found it in the Dungeon)

   Poleaxe:   It uses either Axes or Polearms skill, whichever is higher.
   Drain:     It drains your maximum health when unequipped.
 v - the +8 Wrath of Trog {antimagic, *Rage Rampage}
   (You found it in the Dungeon)

   It causes slowness and exhaustion when equipped.
   It extends the wielder's berserk rage when killing foes.
   *Rage:     It berserks you when you make melee attacks (+50% chance).
   Rampage:   It bestows one free step when moving towards enemies.
Armour
 a - the +1 pair of gloves of Zin's Righteous Anger (worn) {Fly Will+ Stlth+}
   (You found it in the Dungeon)

   Will+:     It increases your willpower.
   Fly:       It grants you flight.
   Stlth+:    It makes you more stealthy.
 z - the +15 Maxwell's patent armour (worn) {-Cast -Tele rElec Will+ rCorr}
   (You found it in the Dungeon)

   rElec:     It insulates you from electricity.
   Will+:     It increases your willpower.
   -Cast:     It prevents spellcasting.
   -Tele:     It prevents most forms of teleportation.
   rCorr:     It protects you from acid and corrosion.
 H - a +0 pair of boots of stealth (worn)
Jewellery
 b - the amulet of Beuklug {Will+ Regen+}
   (You took it off a centaur warrior in the Dungeon)

   [amulet of regeneration]

   Will+:     It increases your willpower.
   Regen+:    It increases your rate of health regeneration.
 s - the ring of the Inviting Gods {Fly rElec rF+ Will++ Dex-3}
   (You took it off a yaktaur captain in the Dungeon)

   [ring of flight]

   Dex-3:     It affects your dexterity (-3).
   rF+:       It protects you from fire.
   rElec:     It insulates you from electricity.
   Will++:    It greatly increases your willpower.
   Fly:       It grants you flight.
 t - a ring of positive energy
 x - a +6 ring of strength (left hand)
 y - a +6 ring of dexterity
 B - the brooch of Shielding (around neck) {Spirit SH+8}
   (You found it in the Dungeon)

   [amulet of guardian spirit]

   Spirit:    It causes incoming damage to be divided between your reserves of
   health and magic.
   SH+8:      It affects your SH (+8).
 C - the ring of Voorud (right hand) {*Slow +Blink rF+++ rN+ Slay+3}
   (You found it in the Dungeon)

   [ring of positive energy]

   Slay+3:    It affects your accuracy & damage with ranged weapons and melee
   (+3).
   rF+++:     It renders you almost immune to fire.
   rN+:       It protects you from negative energy.
   +Blink:    It lets you blink.
   *Slow:     It may slow you when you take damage.
 E - the amulet of the Four Winds {rN+ Will+++ Clar}
   (You found it in the Dungeon)

   [amulet of nothing]

   rN+:       It protects you from negative energy.
   Will+++:   It greatly increases your willpower.
   Clar:      It protects you from confusion, rage, mesmerisation and fear.
 I - a ring of protection from fire
Wands
 p - a wand of mindburst (16)
 q - a wand of iceblast (7)
 r - a wand of light (15)
 w - a wand of charming (5)
 F - a wand of digging (6)
Scrolls
 h - 4 scrolls of blinking
 m - 7 scrolls of fog
 n - 5 scrolls of identify
 o - 2 scrolls of fear
 G - a scroll of brand weapon
Potions
 c - 9 potions of curing
 d - 7 potions of heal wounds
 e - 6 potions of haste
 f - 7 potions of magic
 g - 3 potions of berserk rage
 i - 2 potions of invisibility
 j - 4 potions of resistance
 l - 5 potions of might


   Skills:
 + Level 16.8 Fighting
 + Level 16.2 Axes
 + Level 15.7 Armour
 + Level 15.3 Dodging
 + Level 16.5 Evocations


You had 12 spell levels left.
You didn't know any spells.
Your spell library was empty.

Dungeon Overview and Level Annotations

Branches:
Dungeon (1/1)

Altars:
Ashenzari
Cheibriados
Dithmenos
Fedhas
Gozag
Hepliaklqana
Kikubaaqudgha
Makhleb
Nemelex Xobeh
Okawaru
Qazlal
Ru
Sif Muna
Trog
Uskayaw
Vehumet
Wu Jian
Xom
Yredelemnul
Jiyva
Lugonu


Innate Abilities, Weirdness & Mutations

You have a pair of antennae on your head.
You are completely covered in yellow scales. (AC +4, rCorr)
You sometimes emit foul miasma when damaged in melee.
Spells you cast may paralyse nearby enemies.


Message History

You kill the hellwing!
Trog accepts your kill.
You slice the ynoxinul!!
You kill the ynoxinul!
Trog accepts your kill.
The ufetubus disappears in a puff of smoke! x5
You slice the Ice Fiend!! You slice the chaos spawn!!
You kill the chaos spawn!
Trog accepts your kill.
The chaos spawn degenerates into a cloud of primal chaos!
You slash the demonspawn warmonger! The Hell Sentinel barely misses you.
The Hell Sentinel hits you but does no damage.
You block Zebroxza's attack. The rust devil hits you.
The demonspawn warmonger is engulfed in seething chaos.
The demonspawn warmonger suddenly seems more agile.
You hit Zebroxza.
Zebroxza is moderately wounded.
You slash the Hell Sentinel! You slice the rust devil!!
You feel the power of Trog in you as your rage grows.
You kill the rust devil!
Trog accepts your kill.
You hit the Ice Fiend. You slice the demonspawn warmonger!!
Zebroxza barely misses you. The Hell Sentinel barely misses you.
The Hell Sentinel hits you!
* * * LOW HITPOINT WARNING * * *
You emit a cloud of foul miasma!
The demonspawn warmonger is engulfed in seething chaos.
Unknown command.
You slash Zebroxza!
Zebroxza is moderately wounded.
You completely miss the Ice Fiend. You slice the Hell Sentinel!!
You slice the demonspawn warmonger!!
Unknown command.
You hit Zebroxza but do no damage.
Zebroxza is moderately wounded.
You slice the Ice Fiend!! You completely miss the Hell Sentinel.
You closely miss the demonspawn warmonger.
The Hell Sentinel gestures at you. The iron shot hits you!!!
You die...

▓.▓....▓.▓.
▓...%):)):..▓...©....▓.
▓...........▓▓▓▓▓▓▓▓▓▓▓
▓...........▓...8©8...▓
▓....§§§....▓..)))[...▓
▓......§....▓....)[...▓
▓...........▓.........▓
▓..▓.&16.▓..▓.........▓
▓....1@.....▓...))....▓
▓.....©.....▓....÷....▓
▓▓▓▓▓▓▓▓▓▓▓▓▓.▓..)..▓.▓
▓....8©8....▓....©....▓
▓...|...[...▓▓▓▓▓▓▓▓▓▓▓
▓...))......▓...8©8...▓
▓......(....▓..)):....▓
▓....))))...▓...:|....▓
▓...)))))...▓.........▓


You could see Zebroxza, a Hell Sentinel, a demonspawn warmonger (agile) and an
Ice Fiend.

Vanquished Creatures
  A Brimstone Fiend (D)
  2 shadow dragons (D)
  A deep elf annihilator (D)
  2 merfolk javelineers (D)
  A deep elf death mage (D)
  4 merfolk impalers (D)
  2 yaktaur captains (D)
  6 vault guards (D)
  A centaur warrior (D)
  2 merfolk aquamancers (D)
  4 dancing weapons (D)
  2 deep elf knights (D)
  A sixfirhy (D)
  A cyclops (D)
  A deep elf pyromancer (D)
  A manticore (D)
  A toenail golem (D)
  A merfolk siren (D)
  A rust devil (D)
  A black mamba (D)
  A naga mage (D)
  4 yaktaurs (D)
  4 merfolk (D)
  2 hellwings (D)
  A ynoxinul (D)
  An air elemental (D)
  A fire elemental (D)
  2 chaos spawn (D)
  A neqoxec (D)
  A naga (D)
  2 water moccasins (D)
  5 centaurs (D)
  An earth elemental (D)
  An orc priest (D)
  7 ball pythons (D)
70 creatures vanquished.

Vanquished Creatures (collateral kills)
  3 vault guards (D)
  A dancing weapon (D)
  A deep elf knight (D)
  A deep elf archer (D)
  5 deep elf zephyrmancers (D)
  A toenail golem (D)
  A merfolk (D)
  3 air elementals (D)
  A fire elemental (D)
  2 water moccasins (D)
  2 orc priests (D)
  An adder (D)
  2 orcs (D)
24 creatures vanquished.

Vanquished Creatures (others)
  A deep elf knight (D)
  An air elemental (D)
2 creatures vanquished.

Grand Total: 96 creatures vanquished

Notes
Turn   | Place    | Note
-------+----------+-------------------------------------------
     0 | D        | Revguard the Demonspawn Berserker began the quest for the
                  | Orb.
     0 | D        | Reached XP level 1. HP: 18/18 MP: 1/1
     0 | D        | Found a blossoming altar of Fedhas.
     0 | D        | Found the +6 Majin-Bo {spellvamp, MP+6 Int+6}
     0 | D        | Found the +27 heavy crossbow "Sniper" {heavy, Acc+∞ SInv}
     0 | D        | Found the +10 dark maul {heavy}
     0 | D        | Found the +15 Maxwell's patent armour {-Cast -Tele rElec
                  | Will+ rCorr}
     0 | D        | Found the +18 shield of the Gong {Loud rN+ Will+ rCorr
                  | EV-5}
     0 | D        | Found the +16 obsidian axe {drain, demonic, Mesm Drain Fly
                  | SInv}
     0 | D        | Found the +7 great mace "Firestarter" {flame, immolate,
                  | rFlCloud rF++}
     0 | D        | Found the +6 shillelagh "Devastator" {shatter}
     0 | D        | Found the +11 plutonium sword {Contam Stlth-}
     0 | D        | Found the +8 lance "Wyrmbane" {slay drac, rPois rF+ rC+
                  | AC+3}
     0 | D        | Found the +9 sword of Zonguldrok {reap}
     0 | D        | Found the +13 scythe of Curses {drain, curses, Drain}
     0 | D        | Found the +9 sword of Power {lifebolt}
     0 | D        | Found the +7 mace of Variability {chaos, chaos arc}
     0 | D        | Found the +11 Singing Sword {sonic wave}
     0 | D        | Found the +8 storm bow {elec, penet}
     1 | D        | Found a shimmering blue altar of Sif Muna.
     1 | D        | Found a sacrificial altar of Ru.
     1 | D        | Found a bloodstained altar of Trog.
     1 | D        | Found a stormy altar of Qazlal.
     1 | D        | Found an iron altar of Okawaru.
     1 | D        | Found a sparkling altar of Nemelex Xobeh.
     3 | D        | Found a transporter.
     3 | D        | Found an ancient bone altar of Kikubaaqudgha.
     3 | D        | Found a viscous altar of Jiyva.
     3 | D        | Found a corrupted altar of Lugonu.
     3 | D        | Found a hazy altar of Hepliaklqana.
     3 | D        | Found a burning altar of Makhleb.
     3 | D        | Found an opulent altar of Gozag.
   104 | D        | Entered arena 2.
   104 | D        | Noticed a toenail golem
   104 | D        | Noticed a toenail golem
   104 | D        | Found a transporter.
   110 | D        | Killed a toenail golem
   110 | D        | Killed a toenail golem
   111 | D        | Gained mutation: Spells you cast may paralyse adjacent
                  | enemies. [demonic ancestry]
   111 | D        | Reached XP level 2. HP: 26/32 MP: 2/2
   111 | D        | Gained mutation: You have a pair of small antennae on your
                  | head. [demonic ancestry]
   111 | D        | Reached XP level 3. HP: 30/37 MP: 3/3
   111 | D        | Gained mutation: You are partially covered in yellow
                  | scales. (AC +2) [demonic ancestry]
   111 | D        | Reached XP level 4. HP: 36/44 MP: 4/4
   111 | D        | Gained mutation: You are mostly covered in yellow scales.
                  | (AC +3) [demonic ancestry]
   111 | D        | Reached XP level 5. HP: 40/49 MP: 5/5
   111 | D        | Gained mutation: You are completely covered in yellow
                  | scales. (AC +4, rCorr) [demonic ancestry]
   111 | D        | Reached XP level 6. HP: 46/56 MP: 6/6
   111 | D        | Gained mutation: You may rarely emit foul miasma when
                  | damaged in melee. [demonic ancestry]
   111 | D        | Reached XP level 7. HP: 51/62 MP: 7/7
   197 | D        | Gained mutation: Spells you cast may paralyse nearby
                  | enemies. [demonic ancestry]
   197 | D        | Reached XP level 8. HP: 69/69 MP: 8/8
   199 | D        | Entered arena 3.
   199 | D        | Noticed an air elemental
   199 | D        | Noticed an air elemental
   199 | D        | Noticed an air elemental
   199 | D        | Found a transporter.
   199 | D        | Paralysed by an air elemental for 1 turns
   201 | D        | Paralysed by an air elemental for 1 turns
   201 | D        | Killed an air elemental
   201 | D        | Reached ** piety under Trog
   203 | D        | Killed an air elemental
   203 | D        | Killed an air elemental
   212 | D        | Entered arena 4.
   212 | D        | Found a transporter.
   214 | D        | Reached *** piety under Trog
   215 | D        | Gained mutation: You have a pair of antennae on your head.
                  | [demonic ancestry]
   215 | D        | Reached XP level 9. HP: 63/77 MP: 9/9
   300 | D        | Entered arena 5.
   300 | D        | Found the brooch of Shielding {Spirit SH+8}
   300 | D        | Found the +5 Lochaber axe {reach-cleave, Poleaxe Drain}
   300 | D        | Found a transporter.
   303 | D        | Reached **** piety under Trog
   319 | D        | Entered arena 6.
   319 | D        | Found a transporter.
   322 | D        | Reached ***** piety under Trog
   326 | D        | Got the ring of Voorud {*Slow +Blink rF+++ rN+ Slay+3}
   400 | D        | Entered arena 7.
   400 | D        | Found the amulet of the Four Winds {rN+ Will+++ Clar}
   400 | D        | Noticed a merfolk
   400 | D        | Noticed a merfolk
   400 | D        | Noticed a merfolk
   400 | D        | Noticed a merfolk
   401 | D        | Found a transporter.
   409 | D        | Killed a merfolk
   410 | D        | Reached skill level 10 in Fighting
   411 | D        | Killed a merfolk
   411 | D        | Received a gift from Trog
   411 | D        | Killed a merfolk
   411 | D        | Killed a merfolk
   412 | D        | Reached skill level 10 in Evocations
   592 | D        | Entered arena 8.
   592 | D        | Noticed a deep elf zephyrmancer
   592 | D        | Noticed a deep elf zephyrmancer
   592 | D        | Noticed a deep elf knight
   592 | D        | Noticed a deep elf death mage
   592 | D        | Noticed a deep elf knight
   592 | D        | Noticed a deep elf zephyrmancer
   593 | D        | Found a transporter.
   597 | D        | Killed a deep elf knight
   599 | D        | Killed a deep elf knight
   600 | D        | Reached skill level 10 in Axes
   600 | D        | Reached XP level 10. HP: 87/87 MP: 8/10
   600 | D        | Killed a deep elf zephyrmancer
   601 | D        | Reached skill level 10 in Armour
   601 | D        | Reached skill level 10 in Dodging
   601 | D        | Killed a deep elf zephyrmancer
   601 | D        | Received a gift from Trog
   602 | D        | Killed a deep elf zephyrmancer
   603 | D        | Killed a deep elf death mage
   612 | D        | Got the +1 pair of gloves of Zin's Righteous Anger {Fly
                  | Will+ Stlth+}
   624 | D        | Entered arena 9.
   624 | D        | Noticed a naga mage
   624 | D        | Noticed a black mamba
   625 | D        | Found a transporter.
   629 | D        | Received a gift from Trog
   631 | D        | Killed a black mamba
   632 | D        | Killed a naga mage
   850 | D        | Entered arena 10.
   850 | D        | Found the +8 Wrath of Trog {antimagic, *Rage Rampage}
   850 | D        | Noticed a deep elf annihilator
   850 | D        | Noticed a +1 glaive of venom
   850 | D        | Noticed a +1 scimitar of freezing
   850 | D        | Noticed a deep elf pyromancer
   850 | D        | Noticed a +2 dire flail of draining
   854 | D        | Killed a +2 dire flail of draining
   855 | D        | Paralysed by an air elemental for 1 turns
   859 | D        | Killed a deep elf annihilator
   859 | D        | Killed a +1 glaive of venom
   860 | D        | Gained mutation: You sometimes emit foul miasma when
                  | damaged in melee. [demonic ancestry]
   860 | D        | Reached XP level 11. HP: 95/96 MP: 6/11
   860 | D        | Received a gift from Trog
   862 | D        | Killed a +1 scimitar of freezing
   866 | D        | Killed a deep elf pyromancer
   867 | D        | Found a transporter.
   903 | D        | Entered arena 11.
   903 | D        | Noticed a deep elf archer
   903 | D        | Noticed a deep elf knight
   903 | D        | Noticed a +0 mace of draining
   903 | D        | Noticed a deep elf zephyrmancer
   903 | D        | Noticed a +2 scimitar of holy wrath
   903 | D        | Noticed a deep elf zephyrmancer
   903 | D        | Noticed a deep elf knight
   903 | D        | Paralysed by an air elemental for 1 turns
   906 | D        | Killed a +0 mace of draining
   907 | D        | Paralysed by an air elemental for 1 turns
   908 | D        | Killed a +2 scimitar of holy wrath
   908 | D        | Received a gift from Trog
   909 | D        | Killed a deep elf zephyrmancer
   911 | D        | Killed a deep elf archer
   912 | D        | Killed a deep elf zephyrmancer
   913 | D        | Killed a deep elf knight
   913 | D        | Reached ****** piety under Trog
   919 | D        | Killed a deep elf knight
   919 | D        | Received a gift from Trog
   927 | D        | Found a transporter.
  1140 | D        | Entered arena 12.
  1140 | D        | Noticed a merfolk impaler
  1140 | D        | Noticed a merfolk impaler
  1140 | D        | Noticed a merfolk aquamancer
  1140 | D        | Noticed a merfolk aquamancer
  1140 | D        | Noticed a merfolk impaler
  1141 | D        | Noticed a merfolk impaler
  1142 | D        | Identified the ring "Fudu" {*Slow Fly Int+5 Dex+6}
  1142 | D        | Noticed a merfolk javelineer
  1145 | D        | Found a transporter.
  1148 | D        | Killed a merfolk aquamancer
  1148 | D        | Killed a merfolk impaler
  1151 | D        | Reached XP level 12. HP: 89/107 MP: 6/12
  1151 | D        | Killed a merfolk impaler
  1154 | D        | Killed a merfolk aquamancer
  1154 | D        | Killed a merfolk impaler
  1154 | D        | Received a gift from Trog
  1156 | D        | Killed a merfolk javelineer
  1160 | D        | Killed a merfolk impaler
  1403 | D        | Entered arena 13.
  1403 | D        | Noticed a vault guard
  1403 | D        | Noticed a vault guard
  1403 | D        | Noticed a vault guard
  1403 | D        | Noticed a vault guard
  1403 | D        | Noticed a vault guard
  1403 | D        | Noticed a shadow dragon
  1403 | D        | Noticed a shadow dragon
  1405 | D        | Identified the ring of Agit {rElec rN+ MP+9 Dex-3 Slay+4}
  1405 | D        | Noticed a vault guard
  1405 | D        | Noticed a vault guard
  1405 | D        | Noticed a vault guard
  1406 | D        | Noticed a vault guard
  1408 | D        | Found a transporter.
  1408 | D        | Killed a vault guard
  1409 | D        | Reached skill level 15 in Fighting
  1410 | D        | Killed a vault guard
  1411 | D        | Killed a vault guard
  1413 | D        | Killed a vault guard
  1414 | D        | Killed a vault guard
  1414 | D        | Killed a vault guard
  1414 | D        | Killed a vault guard
  1415 | D        | Reached skill level 15 in Evocations
  1415 | D        | Killed a vault guard
  1415 | D        | Received a gift from Trog
  1416 | D        | Killed a shadow dragon
  1417 | D        | Killed a shadow dragon
  1417 | D        | Killed a vault guard
  1577 | D        | Entered arena 14.
  1578 | D        | Noticed a yaktaur captain
  1578 | D        | Noticed a merfolk javelineer
  1579 | D        | Identified the amulet of Beuklug {Will+ Regen+}
  1579 | D        | Noticed a centaur warrior
  1579 | D        | Identified the ring of the Inviting Gods {Fly rElec rF+
                  | Will++ Dex-3}
  1579 | D        | Noticed a yaktaur captain
  1580 | D        | Found a transporter.
  1587 | D        | Received a gift from Trog
  1588 | D        | Reached XP level 13. HP: 78/117 MP: 6/13
  1589 | D        | Reached skill level 15 in Axes
  1590 | D        | Received a gift from Trog
  1591 | D        | Killed a merfolk javelineer
  1592 | D        | Reached skill level 15 in Armour
  1592 | D        | Reached skill level 15 in Dodging
  1613 | D        | Acquired a manual of Armour
  1768 | D        | Entered arena 15.
  1769 | D        | Noticed an Ice Fiend
  1769 | D        | Noticed Zebroxza the pandemonium lord
  1769 | D        | Noticed a Hell Sentinel
  1769 | D        | Noticed a Brimstone Fiend
  1773 | D        | Identified the +10 shortbow "Uhueq" {heavy, rElec Str+3}
  1773 | D        | Noticed a demonspawn warmonger
  1779 | D        | Killed a Brimstone Fiend
  1779 | D        | Received a gift from Trog
  1784 | D        | Killed from afar by a Hell Sentinel

Illustrated notes

Levels and vault maps discovered:
D:        sprint_v [room_start, room_1, room_2, room_3, room_4, room_5, room_6,
          room_7, room_8, room_9, room_10, room_11, room_12, room_13, room_14,
          room_15, room_16, room_17, room_18, room_19, room_20, room_21,
          room_22, room_23, room_24, room_25, room_26, room_27]

Skill      XL: |  1  2  3  4  5  6  7  8  9 10 11 12 13 |
---------------+----------------------------------------+-----
Fighting       | 8 9 11 12 14 16 | 16.8
Axes           | 7 8 10 11 13 14 16 | 16.2
Armour         | 6 7 8 9 11 13 14 15 | 15.7
Dodging        | 6 7 8 9 11 13 14 15 | 15.3
Evocations     | 7 8 10 12 13 15 16 | 16.5

Action                     |  1- 3 |  4- 6 |  7- 9 | 10-12 | 13-15 || total
---------------------------+-------+-------+-------+-------+-------++-------
  Melee: Broad axe         |     4 |       |     6 |       |       ||    10
         Lochaber axe      |       |       |     9 |    62 |    16 ||    87
 Invoke: Berserk           |     1 |       |     2 |     4 |     1 ||     8
         Trog's Hand       |       |       |     1 |     5 |     1 ||     7
         Brothers in Arms  |       |       |     1 |     4 |     1 ||     6
  Evoke: Wand              |       |       |       |     1 |       ||     1
    Use: Potion            |       |       |     1 |     4 |       ||     5
         Scroll            |       |       |       |       |     1 ||     1
   Stab: Distracted        |       |       |       |     1 |       ||     1
 Armour: Plate armour      |     9 |       |    64 |   176 |    33 ||   282
  Dodge: Dodged            |     2 |       |    24 |    64 |    13 ||   103
  Block: Other             |       |       |    11 |    49 |    11 ||    71

Table legend: (Time is in decaauts)
 A = Elapsed time spent in this place.
 B = Non-inter-level travel time spent in this place.
 C = Inter-level travel time spent in this place.
 D = Time resting spent in this place.
 E = Time spent auto-exploring this place.
 F = Levels seen in this place.
 G = Mean time per level.
                   A        B        C        D        E       F      G
               +--------+--------+--------+--------+--------+-----+--------+
         Total |   1869 |   1869 |      0 |   1325 |      0 |   1 | 1869.0 |
       Dungeon |   1869 |   1869 |      0 |   1325 |      0 |   1 | 1869.0 |
               +--------+--------+--------+--------+--------+-----+--------+

Top non-repeatable levels by time:
       D: 1869 daAuts
